Unix NetHack Version 5.0.0-0 post-release - last build May  4 2026 22:22:43 (774f63e81ad911689b3a0859ea89b322d5daca8d,branch:main).

Game began 2026-05-09 00:06:09, ended 2026-05-09 04:10:37.

BeardyHaddock, lawful male dwarven Archeologist

            ---
     ---    -.--
  ----.--    ..|
  |`....|   -..|
  |...).|  --..|
  |.....----...|       --
 --...^........|     --r---
 |....|.----..-------o..o.--   -- ---
 -----|.---|.......f@e:o............-
      |...-------------  .........-
      ---....|               ...........
        ----.---  ----           .-----
           |...----..--           -
           |--."--....|
      ---  |....[.....---
    ---.----............|
   --....|..^....<......|
  --...................--
  |.......---...%.---..|
  ------.-- --.|.-- ----
       ---   -----
BeardyHaddock the Field Worker  St:13 Dx:10 Co:16 In:16 Wi:13 Ch:8  Lawful
Dlvl:5  $:265 HP:0(36) Pw:8(8) AC:7  Xp:4 T:3240 

Latest messages:
 h - an arrow (in quiver).
 H - 3 arrows.
 You swap places with your large cat.
 In what direction? 6
 The arrow misses the grid bug.
 You have no ammunition readied.
 What do you want to fire? [$aH or ?*] H
 You ready: H - 3 arrows.
 In what direction? 6
 The arrow misses the grid bug.
 In what direction? 6
 The arrow misses the grid bug.
 In what direction? 6
 The arrow misses the grid bug.
 You have no ammunition readied.
 What do you want to fire? [$a or ?*] <esc>
 Never mind.
 You swap places with your large cat.
 The large cat bites the grid bug.
 The grid bug is killed!
 You swap places with your large cat.
 Really step into that web? [yn] (n) n
 You swap places with your large cat.
 You swap places with your large cat.
 Really step into that web? [yn] (n) y
 There is a web here.
 You escape a web.
 The hill orc swings her curved sword.
 The hill orc hits!
 What do you want to use or apply? [ae-gijrv-xzB or ?*] b
 You don't have that object.
 What do you want to use or apply? [ae-gijrv-xzB or ?*] <esc>
 Never mind.
 H - 3 arrows (in quiver).
 h - an arrow.
 The hill orc swings her curved sword.
 The hill orc hits!
 You stop.  Your large cat doesn't want to swap places.
 You stop.  Your large cat doesn't want to swap places.
 The hill orc swings her curved sword.
 The hill orc just misses!
 You stop.  Your large cat doesn't want to swap places.
 The hill orc swings her curved sword.
 The hill orc hits!
 You die...
 Do you want your possessions identified? [ynq] (y) y
 Do you want to see your attributes? [ynq] (y) n
 Do you want an account of creatures vanquished? [ynaq] (y) n
 Do you want to see your conduct and achievements? [ynq] (y) n
 Do you want to see the dungeon overview? [ynq] (y) n

Inventory:
 Coins    ('$')
  $ - 265 gold pieces
 Weapons  (')')
  h - a rustproof +0 arrow
  H - 3 +0 arrows (in quiver)
  k - a cursed +0 bow (weapon in right hand)
  a - a +2 bullwhip
 Armor    ('[')
  c - an uncursed +0 fedora
  o - an uncursed +0 orcish helm (being worn)
  F - an uncursed +0 orcish helm
  K - an uncursed +0 leather armor (being worn)
 Comestibles  ('%')
  d - 4 uncursed food rations
  M - an uncursed food ration
  J - an uncursed tripe ration
 Scrolls  ('?')
  t - a blessed scroll of blank paper
  u - an uncursed scroll of blank paper
 Rings    ('=')
  q - an uncursed ring of sustain ability
 Tools    ('(')
  r - an uncursed wooden flute
  j - an uncursed bell
  x - an uncursed brass lantern
  B - an uncursed lock pick
  i - a magic marker (0:22)
  w - an uncursed mirror
  v - an uncursed oil lamp
  e - a +0 pick-axe (alternate weapon; not wielded)
  z - an uncursed tin opener
  f - a tinning kit (0:30)
 Gems/Stones  ('*')
  s - an uncursed worthless piece of red glass
  g - an uncursed touchstone

BeardyHaddock the Archeologist's attributes:

Background:
 You were a Field Worker, a level 4 male dwarven Archeologist.
 You were lawful, on a mission for Quetzalcoatl
 who was opposed by Camaxtli (neutral) and Huhetotl (chaotic).
 You were right-handed.
 You were in the Gnomish Mines, on level 5.
 You entered the dungeon 3240 turns ago.
 It was nighttime.
 You had 88 experience points, 72 more were needed to attain level 5.

Basics:
 You had 0 out of 36 hit points.
 You had all 8 energy points (spell power).
 Your armor class was 7.
 Your wallet contained 265 zorkmids.
 Autopickup was off.

Final Characteristics:
 Your strength was 13 (limit:18/100).
 Your dexterity was 10 (limit:20).
 Your constitution was 16 (limit:20).
 Your intelligence was 16 (limit:16).
 Your wisdom was 13 (limit:16).
 Your charisma was 8 (limit:16).

Final Status:
 You weren't hungry.
 You were unencumbered.
 You were wielding a bow.
 You had no skill with bow.

Final Attributes:
 You were piously aligned.
 You had automatic searching.
 You had infravision.
 You were warded.
 You are dead.

Miscellaneous:
 You didn't encounter any bones levels.
 Total elapsed playing time was 27 minutes and 4 seconds.

Major events:
 Turn
    1: BeardyHaddock the lawful male dwarven Archeologist entered the dungeon
 1618: attained the rank of Field Worker (level 3)
 2573: entered the Gnomish Mines
 3240: killed by a hill orc

Spells:
 Name                 Level Category     Fail Retention
 knock                  1   matter        30%  76%-100%
 detect monsters        1   divination    30%  76%-100%

Skills:
 Fighting Skills
   bare handed combat [Unskilled]
   two weapon combat  [Unskilled]
   riding             [Unskilled]
 Weapon Skills
   dagger             [Unskilled]
   knife              [Unskilled]
   pick-axe           [Basic]
   short sword        [Unskilled]
   saber              [Unskilled]
   club               [Unskilled]
   quarterstaff       [Unskilled]
   sling              [Unskilled]
   dart               [Unskilled]
   boomerang          [Unskilled]
   whip               [Basic]
   unicorn horn       [Unskilled]
 Spellcasting Skills
   attack spells      [Unskilled]
   healing spells     [Unskilled]
   divination spells  [Unskilled]
   matter spells      [Unskilled]

Voluntary challenges:
 Character rerolling was not enabled.
 You never genocided any monsters.
 You never polymorphed an object.
 You never changed form.
 You used no wishes.
Achievements:
 You entered a shop.
 You attained the rank of Field Worker.
 You entered the Gnomish Mines.

 The Dungeons of Doom: levels 1 to 4
    Level 1:
       A fountain, a grave.
    Level 2:
       A tool shop, an altar.
    Level 3:
       A general store.
    Level 4:
       Stairs down to The Gnomish Mines.
 The Gnomish Mines:
    Level 5: <- You were here.
       Final resting place for
          you, killed by a hill orc.


Vanquished creatures:
  2 shriekers
  a paper golem
  a floating eye
  a homunculus
  2 hill orcs
  a giant bat
  2 acid blobs
  a gas spore
  6 manes
  3 giant rats
  3 cave spiders
  2 brown molds
  2 yellow molds
  2 gnomes
  5 garter snakes
  4 geckos
 10 jackals
  2 foxes
  a kobold
  6 goblins
  3 sewer rats
  4 grid bugs
  4 lichens
  a kobold zombie
  6 newts
75 creatures vanquished.

No species were genocided or became extinct.

Game over:
                       ----------
                      /          \
                     /    REST    \
                    /      IN      \
                   /     PEACE      \
                  /                  \
                  |  BeardyHaddock   |
                  |      265 Au      |
                  | killed by a hill |
                  |       orc        |
                  |                  |
                  |                  |
                  |       2026       |
                 *|     *  *  *      | *
        _________)/\\_//(\/(/\)/\//\/|_)_______

Goodbye BeardyHaddock the Archeologist...

You died in The Gnomish Mines on dungeon level 5 with 811 points,
and 265 pieces of gold, after 3240 moves.
You were level 4 with a maximum of 36 hit points when you died.

